| TOP OF THE 1ST |
|
Los Angeles Dodgers batting - Pitching for Cleveland Guardians : RHP Hunter Harvey
|
|
Pitching: RHP Hunter Harvey
|
|
|
Batting: LHB Todd McDonald
|
0-0: Ball 1-0: Ball 2-0: Foul Ball, location: 2LF 2-1: Called Strike 2-2: Foul Ball, location: 23F 2-2: Foul Ball, location: 2F 2-2: Fly out, F7 (Flyball, 78XD, EV 111.9 MPH)
|
|
Batting: RHB Dan Fletcher
|
0-0: Called Strike 0-1: Foul Ball, location: 5FF 0-2: Fly out, F9 (Flyball, 9, EV 96.9 MPH)
|
|
Batting: SHB José Rodríguez
|
0-0: Called Strike 0-1: Fly out, F8 (Flyball, 8LD, EV 101.3 MPH)
|
| Top of the 1st over - 0 runs, 0 hits, 0 errors, 0 left on base; Los Angeles 0 - Cleveland 0 |
| BOTTOM OF THE 1ST |
|
Cleveland Guardians batting - Pitching for Los Angeles Dodgers : RHP José Cruz
|
|
Pitching: RHP José Cruz
|
|
|
Batting: LHB Joe Wendle
|
0-0: Called Strike 0-1: Foul Ball, location: 7LMF 0-2: Ball 1-2: Foul Ball, location: 2F 1-2: Fly out, F8 (Flyball, 8LM, EV 85.6 MPH)
|
|
Batting: RHB Liam Thompson
|
0-0: Called Strike 0-1: Fly out, F8 (Line Drive, 8LS, EV 96.3 MPH)
|
|
Batting: LHB José Álvarez
|
0-0: Called Strike 0-1: Ball 1-1: Foul Ball, location: 7LDF 1-2: Foul Ball, location: 2F 1-2: Foul Ball, location: 2F 1-2: Strikes out looking
|
| Bottom of the 1st over - 0 runs, 0 hits, 0 errors, 0 left on base; Los Angeles 0 - Cleveland 0 |
| TOP OF THE 2ND |
|
Los Angeles Dodgers batting - Pitching for Cleveland Guardians : RHP Hunter Harvey
|
|
Batting: RHB Nick Castellanos
|
0-0: Foul Ball, location: 7LDF 0-1: Ball 1-1: Foul Ball, location: 2F 1-2: Fly out, F8 (Flyball, 89XD, EV 105.6 MPH)
|
|
Batting: SHB Greg Henderson
|
0-0: Foul Ball, location: 2F 0-1: Swinging Strike 0-2: DOUBLE (Flyball, 78XD, EV 108.1 MPH)
|
|
Batting: LHB Juan Mendoza
|
0-0: SINGLE (Flyball, 8RS, EV 91.3 MPH) Greg Henderson to third
|
|
Batting: RHB Albert Almora
|
0-0: Called Strike 0-1: 3-RUN HOME RUN (Flyball, 9D, EV 97.5 MPH), Distance : 370 ft
|
|
Batting: SHB Sergio Alcantara
|
0-0: Ball 1-0: Foul Ball, location: 9LMF 1-1: Swinging Strike 1-2: Foul Ball, location: 9LDF 1-2: Ball 2-2: Ball 3-2: Strikes out swinging
|
|
Batting: RHB Matt Morgan
|
0-0: Ball 1-0: Swinging Strike 1-1: Ball 2-1: Foul Ball, location: 2F 2-2: Foul Ball, location: 2F 2-2: Foul Ball, location: 5SF 2-2: Ball 3-2: Ground out 5-3 (Groundball, 56, EV 86.3 MPH)
|
| Top of the 2nd over - 3 runs, 3 hits, 0 errors, 0 left on base; Los Angeles 3 - Cleveland 0 |
| BOTTOM OF THE 2ND |
|
Cleveland Guardians batting - Pitching for Los Angeles Dodgers : RHP José Cruz
|
|
Batting: RHB Vladimir Guerrero Jr.
|
0-0: Fly out, F9 (Flyball, 89S, EV 86.9 MPH)
|
|
Batting: RHB Ernie Jones
|
0-0: Ball 1-0: Swinging Strike 1-1: SINGLE (Groundball, 13S, EV 71.9 MPH) (infield hit)
|
|
Batting: RHB Juan Martínez
|
0-0: Foul Ball, location: 9LSF 0-1: Ball 1-1: Fly out, F8 (Line Drive, 8LS, EV 91.9 MPH)
|
|
Batting: RHB Cecilio Aybar
|
0-0: Ball 1-0: Ball 2-0: Ball 3-0: Base on Balls Ernie Jones to second
|
|
Batting: RHB Juan González
|
0-0: Ball 1-0: Ball 2-0: SINGLE (Groundball, 4M, EV 89.4 MPH) (infield hit) Ernie Jones to third Cecilio Aybar to second
|
|
Batting: RHB Robby Harper
|
0-0: Ball 1-0: SINGLE (Groundball, 4MD, EV 103.8 MPH) Ernie Jones scores Cecilio Aybar to third Juan González to second Runner from 3rd tries for Home, SAFE, throw by CF to home Juan González to third Robby Harper to second
|
|
Batting: LHB Joe Wendle
|
0-0: Fly out, F8 (Flyball, 78M, EV 92.5 MPH)
|
| Bottom of the 2nd over - 2 runs, 3 hits, 0 errors, 2 left on base; Los Angeles 3 - Cleveland 2 |
| TOP OF THE 3RD |
|
Los Angeles Dodgers batting - Pitching for Cleveland Guardians : RHP Hunter Harvey
|
|
Batting: LHB Todd McDonald
|
0-0: Foul Ball, location: 23F 0-1: Ball 1-1: Fly out, F8 (Flyball, 8LM, EV 84.4 MPH)
|
|
Batting: RHB Dan Fletcher
|
0-0: Ball 1-0: Ball 2-0: Called Strike 2-1: Fly out, F2 (Popup, 25F, EV 88.8 MPH)
|
|
Batting: SHB José Rodríguez
|
0-0: Ball 1-0: Called Strike 1-1: Foul Ball, location: 2F 1-2: Foul Ball, location: 25F 1-2: Ground out 6-3 (Groundball, 6, EV 103.1 MPH)
|
| Top of the 3rd over - 0 runs, 0 hits, 0 errors, 0 left on base; Los Angeles 3 - Cleveland 2 |
| BOTTOM OF THE 3RD |
|
Cleveland Guardians batting - Pitching for Los Angeles Dodgers : RHP José Cruz
|
|
Batting: RHB Liam Thompson
|
0-0: Ball 1-0: Called Strike 1-1: Foul Ball, location: 25FF 1-2: Fly out, F7 (Flyball, 7, EV 91.3 MPH)
|
|
Batting: LHB José Álvarez
|
0-0: Ball 1-0: Foul Ball, location: 7LMF 1-1: Ground out 4-3 (Groundball, 4S, EV 79.4 MPH)
|
|
Batting: RHB Vladimir Guerrero Jr.
|
0-0: Ball 1-0: Ground out 1-3 (Groundball, 13S, EV 74.4 MPH)
|
| Bottom of the 3rd over - 0 runs, 0 hits, 0 errors, 0 left on base; Los Angeles 3 - Cleveland 2 |
| TOP OF THE 4TH |
|
Los Angeles Dodgers batting - Pitching for Cleveland Guardians : RHP Hunter Harvey
|
|
Batting: RHB Nick Castellanos
|
0-0: SINGLE (Line Drive, 7LS, EV 100.6 MPH)
|
|
Batting: SHB Greg Henderson
|
0-0: Ball 1-0: Ball 2-0: Called Strike 2-1: Fly out, F8 (Flyball, 8RXD, EV 93.8 MPH)
|
|
Batting: LHB Juan Mendoza
|
0-0: Ball 1-0: Called Strike 1-1: SINGLE (Groundball, 6MD, EV 100.0 MPH) Nick Castellanos to second
|
|
Batting: RHB Albert Almora
|
0-0: Ball 1-0: Ball 2-0: Called Strike 2-1: Ball 3-1: SINGLE (Groundball, 4MD, EV 107.5 MPH) Nick Castellanos to third Juan Mendoza to second
|
|
Batting: SHB Sergio Alcantara
|
0-0: Foul Ball, location: 7LSF 0-1: Foul Ball, location: 2F 0-2: Ball 1-2: Ball 2-2: Foul Ball, location: 2F 2-2: Strikes out looking
|
|
Batting: RHB Matt Morgan
|
0-0: Ground out 3-1 (Groundball, 34, EV 100.6 MPH)
|
| Top of the 4th over - 0 runs, 3 hits, 0 errors, 3 left on base; Los Angeles 3 - Cleveland 2 |
| BOTTOM OF THE 4TH |
|
Cleveland Guardians batting - Pitching for Los Angeles Dodgers : RHP José Cruz
|
|
Batting: RHB Ernie Jones
|
0-0: Ball 1-0: Foul Ball, location: 2F 1-1: Swinging Strike 1-2: Ball 2-2: Ground out 6-3 (Groundball, 6, EV 106.9 MPH)
|
|
Batting: RHB Juan Martínez
|
0-0: Ball 1-0: Called Strike 1-1: Ball 2-1: Ball 3-1: Base on Balls
|
|
Batting: RHB Cecilio Aybar
|
0-0: Called Strike 0-1: Fly out, F9 (Flyball, 9, EV 90.6 MPH)
|
|
Batting: RHB Juan González
|
0-0: Foul Ball, location: 3SF 0-1: Called Strike 0-2: Ball 1-2: Strikes out swinging
|
| Bottom of the 4th over - 0 runs, 0 hits, 0 errors, 1 left on base; Los Angeles 3 - Cleveland 2 |
| TOP OF THE 5TH |
|
Los Angeles Dodgers batting - Pitching for Cleveland Guardians : RHP Hunter Harvey
|
|
Batting: LHB Todd McDonald
|
0-0: Called Strike 0-1: SINGLE (Groundball, 4MD, EV 102.5 MPH)
|
|
Batting: RHB Dan Fletcher
|
0-0: Called Strike 0-1: Ball 1-1: Ball 2-1: Called Strike 2-2: Foul Ball, location: 9LSF 2-2: Fly out, F3 (Popup, 3SF, EV 72.5 MPH)
|
|
Batting: SHB José Rodríguez
|
0-0: Ball 1-0: Called Strike 1-1: Ball 2-1: Foul Ball, location: 9LMFF 2-2: 2-RUN HOME RUN (Flyball, 7D, EV 93.1 MPH), Distance : 367 ft
|
|
Pitching: RHP Francellis Montas
|
|
|
Batting: RHB Nick Castellanos
|
0-0: Ball 1-0: Ball 2-0: SOLO HOME RUN (Line Drive, 89XD, EV 105.6 MPH), Distance : 397 ft
|
|
Batting: SHB Greg Henderson
|
0-0: Ball 1-0: SINGLE (Line Drive, 4MD, EV 103.1 MPH)
|
|
Batting: LHB Juan Mendoza
|
0-0: Ball 1-0: Ball 2-0: Ball 3-0: Called Strike 3-1: DOUBLE (Line Drive, 9LD, EV 100.6 MPH) Greg Henderson to third
|
|
Batting: RHB Albert Almora
|
0-0: Ball 1-0: Ball 2-0: Ball 3-0: Called Strike 3-1: Base on Balls
|
|
Batting: SHB Sergio Alcantara
|
0-0: Called Strike 0-1: Foul Ball, location: 5SF 0-2: Ball 1-2: Fly out, F9 (Flyball, 9D, EV 104.4 MPH) Runner from 3rd tags up, SCORES, no throw by RF Juan Mendoza to third
|
|
Batting: RHB Matt Morgan
|
0-0: Ball 1-0: Ball 2-0: Ball 3-0: Called Strike 3-1: Base on Balls Albert Almora to second
|
|
Batting: LHB Todd McDonald
|
0-0: Fielders Choice at 2nd, U6 (Groundball, 6M, EV 105.0 MPH)
|
| Top of the 5th over - 4 runs, 5 hits, 0 errors, 3 left on base; Los Angeles 7 - Cleveland 2 |
| BOTTOM OF THE 5TH |
|
Cleveland Guardians batting - Pitching for Los Angeles Dodgers : RHP José Cruz
|
|
Batting: RHB Robby Harper
|
0-0: Ball 1-0: Ball 2-0: Called Strike 2-1: Foul Ball, location: 25FF 2-2: Fly out, F8 (Flyball, 8LM, EV 89.4 MPH)
|
|
Batting: LHB Joe Wendle
|
0-0: Ball 1-0: Foul Ball, location: 2F 1-1: Ball 2-1: Ground out U3 (Groundball, 34, EV 110.6 MPH)
|
|
Batting: RHB Liam Thompson
|
0-0: Ball 1-0: Ball 2-0: Ball 3-0: Called Strike 3-1: Fly out, F9 (Flyball, 89S, EV 90.6 MPH)
|
| Bottom of the 5th over - 0 runs, 0 hits, 0 errors, 0 left on base; Los Angeles 7 - Cleveland 2 |
| TOP OF THE 6TH |
|
Los Angeles Dodgers batting - Pitching for Cleveland Guardians : RHP Francellis Montas
|
|
Batting: RHB Dan Fletcher
|
0-0: Called Strike 0-1: Ball 1-1: Fly out, F9 (Flyball, 9S, EV 85.6 MPH)
|
|
Batting: SHB José Rodríguez
|
0-0: Fly out, F9 (Flyball, 89S, EV 74.4 MPH)
|
|
Batting: RHB Nick Castellanos
|
0-0: Called Strike 0-1: Ball 1-1: Ball 2-1: Ball 3-1: Base on Balls
|
|
Batting: SHB Greg Henderson
|
0-0: Ball 1-0: Ball 2-0: Called Strike 2-1: Foul Ball, location: 7LSF 2-2: SINGLE (Line Drive, 6D, EV 100.6 MPH) Nick Castellanos to second
|
|
Batting: LHB Juan Mendoza
|
0-0: Ball 1-0: SINGLE (Line Drive, 7S, EV 92.5 MPH) Nick Castellanos to third Greg Henderson to second Runner from 3rd tries for Home, SAFE, throw by LF to home
|
|
Pitching: RHP Steve Mossman
|
|
|
Batting: RHB Albert Almora
|
0-0: Called Strike 0-1: Called Strike 0-2: Reached on error, E4 (Line Drive, 4MD, EV 64.4 MPH) Greg Henderson to third Juan Mendoza to second
|
|
Batting: SHB Sergio Alcantara
|
0-0: Ball 1-0: Called Strike 1-1: Foul Ball, location: 7LMFF 1-2: Ball 2-2: Foul Ball, location: 2F 2-2: Ball 3-2: Fielders Choice at 3rd, U5 (Groundball, 5L, EV 78.8 MPH)
|
| Top of the 6th over - 1 run, 2 hits, 1 error, 2 left on base; Los Angeles 8 - Cleveland 2 |
| BOTTOM OF THE 6TH |
|
Cleveland Guardians batting - Pitching for Los Angeles Dodgers : RHP José Cruz
|
|
Batting: LHB José Álvarez
|
0-0: Ball 1-0: Ball 2-0: Ball 3-0: Called Strike 3-1: Ground out U3 (Groundball, 34, EV 77.5 MPH)
|
|
Batting: RHB Vladimir Guerrero Jr.
|
0-0: Foul Ball, location: 3FF 0-1: Foul Ball, location: 2F 0-2: Foul Ball, location: 2F 0-2: Strikes out swinging
|
|
Batting: RHB Ernie Jones
|
0-0: Called Strike 0-1: Fly out, F8 (Flyball, 8RS, EV 95.6 MPH)
|
| Bottom of the 6th over - 0 runs, 0 hits, 0 errors, 0 left on base; Los Angeles 8 - Cleveland 2 |
| TOP OF THE 7TH |
|
Los Angeles Dodgers batting - Pitching for Cleveland Guardians : RHP Steve Mossman
|
|
Batting: RHB Matt Morgan
|
0-0: Foul Ball, location: 5F 0-1: Called Strike 0-2: Foul Ball, location: 5FF 0-2: Ground out 4-3 (Groundball, 4, EV 83.1 MPH)
|
|
Batting: LHB Todd McDonald
|
0-0: Ball 1-0: Called Strike 1-1: Ball 2-1: Ball 3-1: Called Strike 3-2: Fly out, F7 (Flyball, 7LS, EV 85.0 MPH)
|
|
Batting: RHB Dan Fletcher
|
0-0: Called Strike 0-1: Ball 1-1: Foul Ball, location: 9LDF 1-2: Ball 2-2: Strikes out swinging, 2-3 out at first.
|
| Top of the 7th over - 0 runs, 0 hits, 0 errors, 0 left on base; Los Angeles 8 - Cleveland 2 |
| BOTTOM OF THE 7TH |
|
Cleveland Guardians batting - Pitching for Los Angeles Dodgers : RHP José Cruz
|
|
Batting: RHB Juan Martínez
|
0-0: Ball 1-0: Foul Ball, location: 9LDF 1-1: Ball 2-1: Fly out, F9 (Flyball, 9LSF, EV 78.1 MPH)
|
|
Batting: RHB Cecilio Aybar
|
0-0: Fly out, F7 (Line Drive, 7, EV 96.9 MPH)
|
|
Batting: RHB Juan González
|
0-0: Ball 1-0: Ball 2-0: Called Strike 2-1: Swinging Strike 2-2: Foul Ball, location: 2RF 2-2: Strikes out swinging
|
| Bottom of the 7th over - 0 runs, 0 hits, 0 errors, 0 left on base; Los Angeles 8 - Cleveland 2 |
| TOP OF THE 8TH |
|
Los Angeles Dodgers batting - Pitching for Cleveland Guardians : RHP Steve Mossman
|
|
Batting: SHB José Rodríguez
|
0-0: Called Strike 0-1: Ball 1-1: Foul Ball, location: 7LSF 1-2: Ground out 4-3 (Groundball, 34D, EV 107.5 MPH)
|
|
Batting: RHB Nick Castellanos
|
0-0: Ball 1-0: Ball 2-0: Foul Ball, location: 2RF 2-1: Reached on error, E6 (Groundball, 6, EV 105.0 MPH)
|
|
Pitching: RHP Kenley Jansen
|
|
|
Batting: SHB Greg Henderson
|
0-0: Foul Ball, location: 2F 0-1: SINGLE (Line Drive, 6D, EV 98.8 MPH) Nick Castellanos to second
|
|
Batting: LHB Juan Mendoza
|
0-0: Swinging Strike 0-1: Ball 1-1: Ball 2-1: Foul Ball, location: 2F 2-2: Foul Ball, location: 7LMF 2-2: Ball 3-2: Fielders Choice at 2nd, 4-6 (Groundball, 34, EV 107.5 MPH) Nick Castellanos to third
|
|
Batting: RHB Albert Almora
|
0-0: Called Strike 0-1: Called Strike 0-2: Ball 1-2: Ball 2-2: Strikes out swinging
|
| Top of the 8th over - 0 runs, 1 hit, 1 error, 2 left on base; Los Angeles 8 - Cleveland 2 |
| BOTTOM OF THE 8TH |
|
Cleveland Guardians batting - Pitching for Los Angeles Dodgers : RHP José Cruz
|
|
Pitching: RHP Josh Moore
|
|
|
Batting: RHB Robby Harper
|
0-0: Ball 1-0: Ball 2-0: Called Strike 2-1: Ground out U3 (Groundball, 13, EV 86.3 MPH)
|
|
Batting: LHB Joe Wendle
|
0-0: Ball 1-0: Called Strike 1-1: Ball 2-1: Fly out, F8 (Flyball, 8RD, EV 103.1 MPH)
|
|
Batting: RHB Liam Thompson
|
0-0: Ball 1-0: Foul Ball, location: 5FF 1-1: Ball 2-1: Fly out, F5 (Line Drive, 5L, EV 60.6 MPH)
|
| Bottom of the 8th over - 0 runs, 0 hits, 0 errors, 0 left on base; Los Angeles 8 - Cleveland 2 |
| TOP OF THE 9TH |
|
Los Angeles Dodgers batting - Pitching for Cleveland Guardians : RHP Kenley Jansen
|
|
Batting: SHB Sergio Alcantara
|
0-0: Called Strike 0-1: Swinging Strike 0-2: Strikes out swinging
|
|
Batting: RHB Matt Morgan
|
0-0: Called Strike 0-1: Ball 1-1: Swinging Strike 1-2: Strikes out looking
|
|
Batting: LHB Todd McDonald
|
0-0: Ball 1-0: Ball 2-0: Foul Ball, location: 2F 2-1: Ground out 3-1 (Groundball, 34S, EV 64.4 MPH)
|
| Top of the 9th over - 0 runs, 0 hits, 0 errors, 0 left on base; Los Angeles 8 - Cleveland 2 |
| BOTTOM OF THE 9TH |
|
Cleveland Guardians batting - Pitching for Los Angeles Dodgers : RHP Josh Moore
|
|
Batting: LHB José Álvarez
|
0-0: Ball 1-0: Called Strike 1-1: Fly out, F9 (Flyball, 9, EV 87.5 MPH)
|
|
Batting: RHB Vladimir Guerrero Jr.
|
0-0: Ground out 3-1 (Groundball, 34S, EV 82.5 MPH)
|
|
Batting: RHB Ernie Jones
|
0-0: Called Strike 0-1: Swinging Strike 0-2: Ball 1-2: Foul Ball, location: 9LMF 1-2: Strikes out swinging
|
| Bottom of the 9th over - 0 runs, 0 hits, 0 errors, 0 left on base; Los Angeles 8 - Cleveland 2 |
|